TOP OF THE 1ST |
Connetquot Chiefs batting - Pitching for Walla Walla Walleye : LHP Felipe Machado
|
Pitching: LHP Felipe Machado
|
|
Batting: RHB Emanuel Bree
|
0-0: Ground out 4-3 (Groundball, 34)
|
Batting: RHB José Magana
|
0-0: Called Strike 0-1: Foul Ball, location: 2F 0-2: Ball 1-2: Foul Ball, location: 2F Reached via error on a dropped throw, E3
|
Batting: RHB Arturo Morales
|
0-0: Called Strike 0-1: Foul Ball, location: 2F 0-2: Strikes out looking
|
Batting: RHB Miguel Rodríguez
|
0-0: Foul Ball, location: 2F 0-1: Foul Ball, location: 2F 0-2: Ball 1-2: Ball 2-2: Strikes out swinging
|
Top of the 1st over - 0 run(s), 0 hit(s), 1 error(s), 1 left on base; Connetquot 0 - Walla Walla 0 |
BOTTOM OF THE 1ST |
Walla Walla Walleye batting - Pitching for Connetquot Chiefs : RHP Raúl Gálvez
|
Pitching: RHP Raúl Gálvez
|
|
Batting: RHB Warren Willis
|
0-0: Swinging Strike 0-1: Bunt for hit - play at first, batter OUT! 1-3
|
Batting: RHB Gaston Waller
|
0-0: Ball 1-0: Ball 2-0: Foul Ball, location: 2F 2-1: Ball 3-1: Called Strike 3-2: Base on Balls
|
Batting: RHB Mario Piña
|
0-0: Ball 1-0: Swinging Strike 1-1: Fielders Choice at 2nd, 4-6 (Groundball, 4)
|
Batting: RHB Hieu De
|
0-0: Called Strike 0-1: Called Strike 0-2: Ball 1-2: Foul Ball, location: 2F 1-2: Ball 2-2: Fly out, F7 (Flyball, 7M)
|
Bottom of the 1st over - 0 run(s), 0 hit(s), 0 error(s), 1 left on base; Connetquot 0 - Walla Walla 0 |
TOP OF THE 2ND |
Connetquot Chiefs batting - Pitching for Walla Walla Walleye : LHP Felipe Machado
|
Batting: RHB Menno van de Vlugt
|
0-0: Swinging Strike 0-1: Fly out, F8 (Flyball, 8RM)
|
Batting: RHB Mario Rivera
|
0-0: SINGLE (Line Drive, 56)
|
Batting: SHB Britt Ducker
|
0-0: Called Strike 0-1: Ball 1-1: Ball 2-1: Foul Ball, location: 2F 2-2: Strikes out looking
|
Batting: RHB John Burton
|
0-0: Ball Mario Rivera is caught stealing 2nd base
|
Top of the 2nd over - 0 run(s), 1 hit(s), 0 error(s), 0 left on base; Connetquot 0 - Walla Walla 0 |
BOTTOM OF THE 2ND |
Walla Walla Walleye batting - Pitching for Connetquot Chiefs : RHP Raúl Gálvez
|
Batting: RHB Jorge Gutiérrez
|
0-0: Ground out 5-3 (Groundball, 56)
|
Batting: RHB Miguel Rosales
|
0-0: Ball 1-0: Ball 2-0: Swinging Strike 2-1: Fly out, F2 (Popup, 2RF)
|
Batting: RHB Tony Aguilar
|
0-0: Called Strike 0-1: Ball 1-1: Ball 2-1: Called Strike 2-2: SINGLE (Line Drive, 4MD)
|
Batting: RHB Fernando Gonzáles
|
0-0: Ball 1-0: Called Strike 1-1: Ball 2-1: Fly out, F9 (Flyball, 89S)
|
Bottom of the 2nd over - 0 run(s), 1 hit(s), 0 error(s), 1 left on base; Connetquot 0 - Walla Walla 0 |
TOP OF THE 3RD |
Connetquot Chiefs batting - Pitching for Walla Walla Walleye : LHP Felipe Machado
|
Batting: RHB John Burton
|
0-0: Ball 1-0: Ground out 6-3 (Groundball, 6)
|
Batting: RHB Enrique Morales
|
0-0: Foul Ball, location: 2F 0-1: Foul Ball, location: 2F 0-2: Ball 1-2: Ball 2-2: Ball 3-2: Strikes out looking
|
Batting: RHB Emanuel Bree
|
0-0: Called Strike 0-1: Foul Ball, location: 2F 0-2: Ball 1-2: Foul Ball, location: 2F 1-2: Strikes out swinging
|
Top of the 3rd over - 0 run(s), 0 hit(s), 0 error(s), 0 left on base; Connetquot 0 - Walla Walla 0 |
BOTTOM OF THE 3RD |
Walla Walla Walleye batting - Pitching for Connetquot Chiefs : RHP Raúl Gálvez
|
Batting: RHB Nathaniel Griffin
|
0-0: Fly out, F9 (Flyball, 9LS)
|
Batting: RHB Warren Willis
|
0-0: Called Strike 0-1: Ball 1-1: Ball 2-1: SINGLE (Line Drive, 56D)
|
Batting: RHB Gaston Waller
|
0-0: Called Strike 0-1: Ball 1-1: Ball 2-1: Ball 3-1: SINGLE (Line Drive, 4M) Warren Willis to second Runner from 2nd tries for 3rd, SAFE, throw made to third
|
Batting: RHB Mario Piña
|
0-0: Ball 1-0: SINGLE (Line Drive, 3D) Warren Willis scores Gaston Waller to second
|
Batting: RHB Hieu De
|
0-0: Swinging Strike 0-1: Foul Ball, location: 2F 0-2: Foul Ball, location: 2F 0-2: Strikes out swinging
|
Batting: RHB Jorge Gutiérrez
|
0-0: Called Strike 0-1: Foul Ball, location: 2F 0-2: Foul Ball, location: 2F 0-2: Ball 1-2: Ball 2-2: Ground out 4-3 (Groundball, 4)
|
Bottom of the 3rd over - 1 run(s), 3 hit(s), 0 error(s), 2 left on base; Connetquot 0 - Walla Walla 1 |
TOP OF THE 4TH |
Connetquot Chiefs batting - Pitching for Walla Walla Walleye : LHP Felipe Machado
|
Batting: RHB José Magana
|
0-0: Swinging Strike 0-1: TRIPLE (Flyball, 7D)
|
Batting: RHB Arturo Morales
|
0-0: Fly out, F8 (Flyball, 8RXD) Runner from 3rd tags up, SCORES, no throw
|
Batting: RHB Miguel Rodríguez
|
0-0: Foul Ball, location: 2F 0-1: Called Strike 0-2: Foul Ball, location: 2F 0-2: Ball 1-2: Strikes out swinging
|
Batting: RHB Menno van de Vlugt
|
0-0: Ball 1-0: Foul Ball, location: 2F 1-1: SINGLE (Flyball, 8LS)
|
Batting: RHB Mario Rivera
|
0-0: Called Strike 0-1: Called Strike 0-2: Ball 1-2: Ball 2-2: Strikes out swinging
|
Top of the 4th over - 1 run(s), 2 hit(s), 0 error(s), 1 left on base; Connetquot 1 - Walla Walla 1 |
BOTTOM OF THE 4TH |
Walla Walla Walleye batting - Pitching for Connetquot Chiefs : RHP Raúl Gálvez
|
Batting: RHB Miguel Rosales
|
0-0: Ball 1-0: Swinging Strike 1-1: Ball 2-1: Ball 3-1: SINGLE (Line Drive, 8RS)
|
Batting: RHB Tony Aguilar
|
0-0: Called Strike 0-1: Foul Ball, location: 2F 0-2: Fly out, F5 (Line Drive, 56)
|
Batting: RHB Fernando Gonzáles
|
0-0: Swinging Strike 0-1: Foul Ball, location: 2F 0-2: Strikes out swinging
|
Batting: RHB Nathaniel Griffin
|
0-0: Called Strike 0-1: Foul Ball, location: 2F 0-2: Foul Ball, location: 2F 0-2: Ball 1-2: Fielders Choice at 2nd, 6-4 (Groundball, 6)
|
Bottom of the 4th over - 0 run(s), 1 hit(s), 0 error(s), 0 left on base; Connetquot 1 - Walla Walla 1 |
TOP OF THE 5TH |
Connetquot Chiefs batting - Pitching for Walla Walla Walleye : LHP Felipe Machado
|
Batting: SHB Britt Ducker
|
0-0: Ball 1-0: Swinging Strike 1-1: Foul Ball, location: 2F 1-2: Strikes out swinging
|
Batting: RHB John Burton
|
0-0: SINGLE (Groundball, 15) (infield hit)
|
Batting: RHB Enrique Morales
|
0-0: Ball 1-0: SINGLE (Groundball, 6MD) John Burton to second Runner from 2nd tries for 3rd, SAFE, no throw or cutoff
|
Batting: RHB Emanuel Bree
|
0-0: Ball 1-0: Foul Ball, location: 2F 1-1: Swinging Strike 1-2: Ball 2-2: Ball 3-2: Strikes out looking
|
Batting: RHB José Magana
|
0-0: SINGLE (Groundball, 4MD) John Burton scores Enrique Morales to second Runner from 2nd tries for 3rd, SAFE, throw made to third
|
Batting: RHB Arturo Morales
|
0-0: Ball 1-0: Foul Ball, location: 2F 1-1: Swinging Strike 1-2: Foul Ball, location: 2F 1-2: Ball 2-2: Ground out 6-3 (Groundball, 6S)
|
Top of the 5th over - 1 run(s), 3 hit(s), 0 error(s), 2 left on base; Connetquot 2 - Walla Walla 1 |
BOTTOM OF THE 5TH |
Walla Walla Walleye batting - Pitching for Connetquot Chiefs : RHP Raúl Gálvez
|
Batting: RHB Warren Willis
|
0-0: Foul Ball, location: 2F 0-1: Swinging Strike 0-2: Ball 1-2: Strikes out looking
|
Batting: RHB Gaston Waller
|
0-0: Swinging Strike 0-1: Ball 1-1: Ground out 4-3 (Groundball, 4M)
|
Batting: RHB Mario Piña
|
0-0: Ball 1-0: Ground out 4-3 (Groundball, 4)
|
Bottom of the 5th over - 0 run(s), 0 hit(s), 0 error(s), 0 left on base; Connetquot 2 - Walla Walla 1 |
TOP OF THE 6TH |
Connetquot Chiefs batting - Pitching for Walla Walla Walleye : LHP Felipe Machado
|
Batting: RHB Miguel Rodríguez
|
0-0: Swinging Strike 0-1: Called Strike 0-2: Ball 1-2: Ball 2-2: Foul Ball, location: 2F 2-2: SINGLE (Flyball, 8RS)
|
Batting: RHB Menno van de Vlugt
|
0-0: DOUBLE (Line Drive, 5D) Miguel Rodríguez to third Runner from 3rd tries for Home, SAFE, throw made home
|
Batting: RHB Mario Rivera
|
0-0: Foul Ball, location: 2F 0-1: Ball 1-1: Fly out, F9 (Flyball, 89M)
|
Batting: SHB Britt Ducker
|
0-0: Ball 1-0: Called Strike 1-1: Swinging Strike 1-2: Ball 2-2: DOUBLE (Flyball, 8LM) Menno van de Vlugt scores
|
Batting: RHB John Burton
|
0-0: TRIPLE (Line Drive, 89XD) Britt Ducker scores
|
Batting: RHB Enrique Morales
|
0-0: Intentional Walk
|
Batting: RHB Emanuel Bree
|
0-0: Ball 1-0: Swinging Strike 1-1: Called Strike 1-2: Foul Ball, location: 2F 1-2: Strikes out swinging
|
Batting: RHB José Magana
|
0-0: Ball 1-0: Called Strike 1-1: Fly out, F8 (Flyball, 8RD)
|
Top of the 6th over - 3 run(s), 4 hit(s), 0 error(s), 2 left on base; Connetquot 5 - Walla Walla 1 |
BOTTOM OF THE 6TH |
Walla Walla Walleye batting - Pitching for Connetquot Chiefs : RHP Raúl Gálvez
|
Batting: RHB Hieu De
|
0-0: SINGLE (Line Drive, 34)
|
Batting: RHB Jorge Gutiérrez
|
0-0: Ball Hieu De steals 2nd base 1-0: Called Strike 1-1: Foul Ball, location: 2F 1-2: Ball 2-2: Foul Ball, location: 2F 2-2: Fly out, F8 (Popup, 8LS)
|
Batting: RHB Miguel Rosales
|
0-0: Foul Ball, location: 2F 0-1: Ball Hieu De steals 3rd base 1-1: Fly out, F9 (Line Drive, 9S)
|
Batting: RHB Tony Aguilar
|
0-0: Ball 1-0: Swinging Strike 1-1: Ball 2-1: SINGLE (Line Drive, 6M) Hieu De scores
|
Batting: RHB Fernando Gonzáles
|
0-0: Ball 1-0: Ball 2-0: Ball 3-0: Called Strike 3-1: Fly out, F8 (Flyball, 8RS)
|
Bottom of the 6th over - 1 run(s), 2 hit(s), 0 error(s), 1 left on base; Connetquot 5 - Walla Walla 2 |
TOP OF THE 7TH |
Connetquot Chiefs batting - Pitching for Walla Walla Walleye : LHP Felipe Machado
|
Pitching: RHP Juan López
|
|
Batting: RHB Arturo Morales
|
0-0: Ball 1-0: Ball 2-0: Ball 3-0: Called Strike 3-1: Foul Ball, location: 2F 3-2: Fly out, F5 (Line Drive, 5)
|
Batting: RHB Miguel Rodríguez
|
0-0: Foul Ball, location: 2F 0-1: Fly out, F6 (Popup, 6D)
|
Batting: RHB Menno van de Vlugt
|
0-0: Ball 1-0: Fly out, F4 (Popup, 4D)
|
Top of the 7th over - 0 run(s), 0 hit(s), 0 error(s), 0 left on base; Connetquot 5 - Walla Walla 2 |
BOTTOM OF THE 7TH |
Walla Walla Walleye batting - Pitching for Connetquot Chiefs : RHP Raúl Gálvez
|
Batting: RHB Nathaniel Griffin
|
0-0: Called Strike 0-1: Ground out 6-3 (Groundball, 6)
|
Batting: RHB Warren Willis
|
0-0: Ball 1-0: Ball 2-0: Called Strike 2-1: Foul Ball, location: 2F 2-2: Foul Ball, location: 2F 2-2: Ground out 1-3 (Groundball, 15)
|
Batting: RHB Gaston Waller
|
0-0: Called Strike 0-1: Ball 1-1: Foul Ball, location: 2F 1-2: Ball 2-2: Ball 3-2: Foul Ball, location: 2F 3-2: Foul Ball, location: 2F 3-2: Base on Balls
|
Pitching: RHP Mark Bell
|
|
Batting: RHB Mario Piña
|
0-0: Ball Throwing error on steal attempt, E2 Gaston Waller to third 1-0: Ground out 3-1 (Groundball, 34)
|
Bottom of the 7th over - 0 run(s), 0 hit(s), 1 error(s), 1 left on base; Connetquot 5 - Walla Walla 2 |
TOP OF THE 8TH |
Connetquot Chiefs batting - Pitching for Walla Walla Walleye : RHP Juan López
|
Batting: RHB Mario Rivera
|
0-0: Ground out 2-3 (Groundball, 2L)
|
Batting: SHB Britt Ducker
|
0-0: Called Strike 0-1: Swinging Strike 0-2: Ball 1-2: Ball 2-2: Strikes out swinging
|
Batting: RHB John Burton
|
0-0: Ball 1-0: Ball 2-0: Foul Ball, location: 2F 2-1: SINGLE (Flyball, 6MD)
|
Batting: RHB Enrique Morales
|
0-0: Ball John Burton steals 2nd base 1-0: Ground out 5-3 (Groundball, 5S)
|
Top of the 8th over - 0 run(s), 1 hit(s), 0 error(s), 1 left on base; Connetquot 5 - Walla Walla 2 |
BOTTOM OF THE 8TH |
Walla Walla Walleye batting - Pitching for Connetquot Chiefs : RHP Mark Bell
|
Batting: RHB Hieu De
|
0-0: Ball 1-0: Ball 2-0: Ball 3-0: Called Strike 3-1: Base on Balls
|
Pitching: RHP Tommy Middleton
|
|
Batting: RHB Jorge Gutiérrez
|
0-0: Swinging Strike 0-1: Foul Ball, location: 2F 0-2: Strikes out looking
|
Batting: RHB Miguel Rosales
|
0-0: DOUBLE (Groundball, 5L) Hieu De to third Runner from 3rd tries for Home, SAFE, no throw or cutoff
|
Batting: RHB Tony Aguilar
|
0-0: Called Strike 0-1: Ground out 6-3 (Groundball, 6)
|
Batting: RHB Fernando Gonzáles
|
0-0: Ball 1-0: Foul Ball, location: 2F 1-1: Ball 2-1: Ball 3-1: Foul Ball, location: 2F 3-2: Fly out, F9 (Flyball, 9M)
|
Bottom of the 8th over - 1 run(s), 1 hit(s), 0 error(s), 1 left on base; Connetquot 5 - Walla Walla 3 |
TOP OF THE 9TH |
Connetquot Chiefs batting - Pitching for Walla Walla Walleye : RHP Juan López
|
Batting: RHB Emanuel Bree
|
0-0: Foul Ball, location: 2F 0-1: Ground out 5-3 (Groundball, 15S)
|
Batting: RHB José Magana
|
0-0: Ground out 6-3 (Groundball, 6M)
|
Batting: RHB Arturo Morales
|
0-0: Ball 1-0: Foul Ball, location: 2F 1-1: Ball 2-1: Ball 3-1: Foul Ball, location: 2F 3-2: Base on Balls
|
Pitching: LHP Jesús Rosales
|
|
Batting: RHB Miguel Rodríguez
|
0-0: Ball 1-0: Called Strike 1-1: Ball 2-1: Swinging Strike 2-2: Strikes out swinging
|
Top of the 9th over - 0 run(s), 0 hit(s), 0 error(s), 1 left on base; Connetquot 5 - Walla Walla 3 |
BOTTOM OF THE 9TH |
Walla Walla Walleye batting - Pitching for Connetquot Chiefs : RHP Tommy Middleton
|
Pitching: RHP Carlos Rosales
|
|
Batting: RHB Nathaniel Griffin
|
0-0: Called Strike 0-1: Ball 1-1: Ground out 3-1 (Groundball, 34S)
|
Batting: RHB Warren Willis
|
0-0: Ball 1-0: Ball 2-0: Called Strike 2-1: Foul Ball, location: 2F 2-2: Foul Ball, location: 2F 2-2: SINGLE (Groundball, 6D)
|
Pinch Hitting: LHB Miguel Zúñiga
|
0-0: Ball 1-0: Ball 2-0: Called Strike 2-1: Ball 3-1: Foul Ball, location: 2F 3-2: Strikes out swinging
|
Batting: RHB Mario Piña
|
0-0: Foul Ball, location: 2F 0-1: Ball 1-1: Fly out, F8 (Flyball, 8LM)
|
Bottom of the 9th over - 0 run(s), 1 hit(s), 0 error(s), 1 left on base; Connetquot 5 - Walla Walla 3 |
|